 Dungeon Crawl Stone Soup version 0.19.1 (webtiles) character file.

95118 Mefis the Thaumaturge (level 15, -3/84 HPs)
             Began as a Deep Elf Wizard on Dec 14, 2016.
             Was a High Priest of Sif Muna.
             Shot with a bolt by an orc warrior (9 damage)
             ... on level 2 of the Orcish Mines.
             The game lasted 01:56:54 (31593 turns).

Mefis the Thaumaturge (Deep Elf Wizard)            Turns: 31593, Time: 01:56:54

Health: -3/84      AC:  8    Str:  9    XL:     15   Next: 65%
Magic:  18/34      EV: 18    Int: 38    God:    Sif Muna [*****.]
Gold:   494        SH:  4    Dex: 13    Spells: 10 memorised, 1 level left

rFire  . . .     SeeInvis .     a - staff of cold
rCold  + + .     Gourm    .     N - +2 robe {rF+}
rNeg   . . .     Faith    .     i - +0 buckler of Tufrez {*Slow MR++ Str+5 Stlth+}
rPois  .         Spirit   .     p - +2 hat {Int+3}
rElec  .         Reflect  .     O - +0 cloak
rCorr  .         Harm     .     (no gloves)
MR     +++..                    Y - +0 pair of boots
Stlth  +++++.....               T - amulet of magic regeneration
                                U - ring of ice
                                j - +5 ring of intelligence

@: no status effects
A: no striking features
a: Divine Energy, Channel Magic, Forget Spell, Renounce Religion


You were on level 2 of the Orcish Mines.
You worshipped Sif Muna.
Sif Muna was extremely pleased with you.
You were not hungry.

You visited 4 branches of the dungeon, and saw 21 of its levels.
You visited 1 bazaar.
You also visited: Labyrinth, Bailey and Volcano.

You collected 1723 gold pieces.
You spent 1229 gold pieces at shops.

Inventory:

Hand Weapons
 K - the +1 great mace "Hymna" {flame, SInv}
   (You found it on level 4 of the Lair of Beasts)

   It has been specially enchanted to burn those struck by it, causing extra
   injury to most foes and up to half again as much damage against particularly
   susceptible opponents.
   It lets you see invisible.
Armour
 i - the +0 buckler of Tufrez (worn) {*Slow MR++ Str+5 Stlth+}
   (You found it in a labyrinth)

   It affects your strength (+5).
   It affects your resistance to hostile enchantments.
   It may slow you when you take damage.
   It makes you more stealthy.
 p - a +2 hat of intelligence (worn)
 N - a +2 robe of fire resistance (worn)
 O - a +0 cloak (worn)
 Y - a +0 pair of boots (worn)
Magical Staves
 a - an uncursed staff of cold (weapon)
 b - an uncursed staff of earth
Jewellery
 e - an uncursed ring of positive energy
 j - a +5 ring of intelligence (left hand)
 r - an uncursed ring of magical power
 t - an uncursed ring of protection from fire
 R - an uncursed ring of see invisible
 T - an amulet of magic regeneration (around neck)
 U - a ring of ice (right hand)
Wands
 z - a wand of paralysis (14/24)
 L - a wand of teleportation (0/9)
 Q - a wand of disintegration (3/24)
 X - a wand of iceblast (6/15)
Scrolls
 h - 2 scrolls of blinking
 m - a scroll of silence {unknown}
 w - 5 scrolls of fog
 x - 4 scrolls of teleportation
 C - 2 scrolls of identify
 M - 4 scrolls of vulnerability
 W - a scroll of magic mapping
Potions
 g - 2 potions of brilliance
 k - 2 potions of flight
 n - a potion of agility
 y - a potion of ambrosia
 A - 2 potions of resistance
 G - 2 potions of might
 J - 7 potions of curing
Books
 l - Sif Muna's Volume of Displacement and Combat Magic
   (Sif Muna gifted it to you on level 12 of the Dungeon)

   Spells                             Type                      Level
   a - Apportation                    Translocation                1
   b - Throw Icicle                   Conjuration/Ice              4
   c - Venom Bolt                     Conjuration/Poison           5
   d - Poison Arrow                   Conjuration/Poison           6
   e - Delayed Fireball               Conjuration/Fire             7
   f - Malign Gateway                 Summoning/Translocation      7
   g - Fire Storm                     Conjuration/Fire             9
Miscellaneous
 c - a sack of spiders
 D - a box of beasts
 E - a phial of floods
Comestibles
 d - 5 bread rations
 f - a slice of pizza
 o - 3 royal jellies
 q - 11 beef jerkies
 s - a chunk of flesh
 v - 18 fruits
 I - 5 meat rations


   Skills:
 + Level 6.3 Fighting
 - Level 10.7 Dodging
 - Level 9.0 Stealth
 + Level 1.0 Shields
 + Level 13.6 Spellcasting
 + Level 10.1 Conjurations
 - Level 6.9 Hexes
 + Level 0.8 Charms
   Level 2.7 Summonings
 + Level 4.1 Necromancy
 - Level 2.8 Translocations
 - Level 5.3 Transmutations
   Level 4.5 Fire Magic
 + Level 9.6 Ice Magic
 + Level 4.8 Air Magic
 + Level 7.9 Earth Magic
   Level 5.0 Poison Magic
 - Level 8.8 Invocations
 + Level 8.6 Evocations


You had one spell level left.
You knew the following spells:

 Your Spells              Type           Power        Failure   Level  Hunger
a - Bolt of Cold          Conj/Ice       ########..   8%          6    ##.....
c - Blink                 Tloc           N/A          1%          2    None
g - Slow                  Hex            ######..     1%          2    None
i - Repel Missiles        Chrm/Air       #####.       1%          2    None
o - Ozocubu's Armour      Chrm/Ice       #######.     1%          3    None
p - Regeneration          Chrm/Necr      #####.....   2%          3    None
q - Freezing Cloud        Conj/Ice/Air   ########..   12%         6    ##.....
s - Iron Shot             Conj/Erth      #######...   10%         6    ##.....
w - Irradiate             Conj/Tmut      ######....   2%          5    None
Q - Metabolic Englaciati  Hex/Ice        ########..   1%          5    None


Dungeon Overview and Level Annotations

Branches:
Dungeon (12/15)            Temple (1/1) D:4            Lair (6/6) D:8
  Swamp (0/4) Lair:2        Snake (0/4) Lair:4        Slime (0/5) Lair:6
    Orc (2/2) D:12            Elf (0/3) Orc:2

Altars:
Ashenzari
Cheibriados
Dithmenos
Elyvilon
Fedhas
Gozag
Hepliaklqana
Kikubaaqudgha
Makhleb
Nemelex Xobeh
Okawaru
Qazlal
Ru
Sif Muna
Trog
Uskayaw
Vehumet
Xom
Yredelemnul
Zin
The Shining One
Jiyva

Shops:
D:4 %   D:6 (   D:7 ![=   D:10 %   D:12 =


Message History

The arrow hits you!
The centaur shoots an arrow.
The arrow hits you but does no damage.
The centaur shoots an arrow.
The arrow hits you but does no damage.
You see here 4 arrows.
Casting: Freezing Cloud
Confirm with . or Enter, or press ? or * to list all spells.
Aiming: Freezing Cloud
Press: ? - help, Dir - move target cursor You feel a strong surge of power!
You miscast Freezing Cloud.
Sif Muna protects you from the effects of your miscast!
The orc shouts!
The orc knight shouts!
The orc warrior shouts!
The centaur shouts!
The centaur shoots an arrow.
The arrow hits you!
The centaur warrior is engulfed in freezing vapours.
The centaur warrior shoots an arrow.
The arrow hits you!!
* * * LOW HITPOINT WARNING * * *
The orc warrior shoots a bolt.
The bolt hits you.
* * * LOW HITPOINT WARNING * * *
The orc warrior shoots a bolt.
The bolt hits you!
You die...

*,,,,.............##.##.#.###.
**,,,..$.....#....#...#.#.##.#
***,*,,.........#...............
**,,,,,,........................#
*,,,,,,,.......$(............#.##
**,,,,,,.#.....(..#.##........##
,,,,,,,,........(.............,*
,,,,,,,,.......(..(............*#
,,**,,**...###.(@##..##..##...#*#
,,,,,,,,.≈≈* #≈≈.....§...,##..###
,,,,,,,,≈≈≈* #≈≈≈....§§...,#.,*#.
,,,,,,≈≈≈≈***##≈≈≈≈..)cc..,,,,*##
,,,,≈≈≈≈****∩*###≈≈≈≈.cc..,*,,* #
,,,≈≈≈≈****,,,***#≈≈≈≈o...,*,,*
,,,,,,,,,,,,∩,,,,,oooocc..,,,,*
,,,,,,,,,,,,∩,,,,,oo.o..,,,,,,*
,,,≈≈≈≈****,,,****≈≈≈≈,,,,,*,,* *


You could see an orc knight, a centaur warrior, 4 orc warriors, 5 centaurs and 3
orcs.

Vanquished Creatures
  Rupert (D:12)
  Gastronok (Lair:2)
  Kirke (Lair:5)
  A minotaur (Lab)
  Snorg (Lair:4)
  Josephine (Lair:4)
  Fannar (D:10)
  The ghost of TheWoodenMan the Cleaver, a journeyman HOFi of Okawaru (Volcano)
  A hydra (Lair:6)
  2 catoblepae
  A centaur warrior (Orc:2)
  The ghost of TheWoodenMan the Carver, a journeyman HESk of Okawaru (Volcano)
  6 death yaks
  An orc high priest (Orc:2)
  Urug (Lair:2)
  A sun demon (Volcano)
  A hell knight (Volcano)
  The ghost of Nydiazath the Covert, a novice SpEn of Okawaru (D:9)
  A lindwurm (Lair:6)
  A hill giant (D:12)
  An orc sorcerer (Orc:2)
  A deep elf mage (D:9)
  2 manticores (Lair:6)
  An oklob plant (Lair:4)
  3 ugly things
  A cyclops (Orc:1)
  8 elephants
  Maurice (D:11)
  7 black mambas
  11 spiny frogs
  3 rime drakes (Lair:3)
  10 komodo dragons
  A two-headed ogre (D:11)
  A polar bear (Lair:5)
  5 trolls
  3 hornets
  A red devil (Volcano)
  5 slime creatures
  9 dream sheep
  14 blink frogs
  8 hippogriffs
  3 redbacks (Lab)
  3 shadows
  6 hogs (Lair:5)
  2 basilisks
  6 wraiths
  60 yaks
  4 wyverns
  Grum (D:11)
  4 hungry ghosts
  3 nagas (Lair:4)
  A soldier ant (D:11)
  16 water moccasins
  5 hell hounds
  2 ice beasts
  14 porcupines
  A black bear (D:8)
  3 sky beasts
  18 orc warriors
  6 necrophages
  3 phantoms
  14 ogres
  4 centaurs
  9 wolves
  An eye of draining (D:12)
  12 crocodiles
  8 big kobolds
  3 gnoll sergeants (D:12)
  19 bullfrogs
  Dowan (D:6)
  5 scorpions
  10 killer bees
  13 wights
  3 howler monkeys
  2 centaur zombies
  8 crimson imps
  3 jellies
  6 hounds
  3 centaur skeletons
  3 bullfrog skeletons
  6 orc priests
  17 orc wizards
  3 iguanas
  9 worker ants
  2 hound skeletons
  A mummy (D:7)
  2 worker ant zombies
  A howler monkey zombie (D:6)
  14 adders
  5 gnolls
  3 river rats
  A shadow imp (D:5)
  An adder skeleton (D:9)
  5 worms
  4 leopard geckos
  48 orcs
  5 giant cockroaches
  22 goblins
  17 hobgoblins
  10 jackals
  6 quokkas
  A ball python (D:5)
  7 frilled lizards
  A giant cockroach zombie (D:5)
  A hobgoblin zombie (D:7)
  22 kobolds
  A kobold zombie (D:7)
  A leopard gecko skeleton (D:5)
  2 orc zombies (D:7)
  6 rats
  3 bushes (Lair:4)
  2 fungi
  4 plants
643 creatures vanquished.

Vanquished Creatures (collateral kills)
  Duvessa (D:6)
  2 orc warriors (Bailey)
  An orc priest (D:5)
  An adder (D:3)
  A worm (D:3)
  3 orcs
  3 hobgoblins (Bailey)
  A jackal (D:7)
13 creatures vanquished.

Vanquished Creatures (others)
  29 fulminant prisms
  9 fungi
  11 plants
49 creatures vanquished.

Grand Total: 705 creatures vanquished

Notes
Turn   | Place    | Note
-------+----------+-------------------------------------------
     0 | D:1      | Mefis the Deep Elf Wizard began the quest for the Orb.
     0 | D:1      | Reached XP level 1. HP: 10/10 MP: 7/7
   143 | D:1      | Reached XP level 2. HP: 9/15 MP: 0/9
   147 | D:1      | Learned a level 2 spell: Call Imp
   150 | D:1      | Learned a level 2 spell: Blink
   153 | D:1      | Learned a level 2 spell: Repel Missiles
   946 | D:1      | Found a deep blue altar of Sif Muna.
   994 | D:2      | Reached XP level 3. HP: 9/19 MP: 4/11
   999 | D:2      | Learned a level 3 spell: Mephitic Cloud
  1233 | D:2      | Reached skill level 5 in Spellcasting
  1754 | D:2      | Reached skill level 1 in Air Magic
  1854 | D:2      | Reached XP level 4. HP: 22/24 MP: 9/13
  2868 | D:3      | Reached skill level 1 in Poison Magic
  3223 | D:4      | Noticed a water moccasin
  3233 | D:4      | HP: 1/24 [poisoned by a water moccasin]
  3237 | D:4      | Killed a water moccasin
  3237 | D:4      | Reached XP level 5. HP: 16/28 MP: 0/15
  3270 | D:4      | HP: 1/28 [poisoned by a water moccasin]
  3850 | D:4      | Reached skill level 6 in Spellcasting
  3850 | D:4      | Reached XP level 6. HP: 22/32 MP: 17/17
  3855 | D:4      | Learned a level 3 spell: Conjure Flame
  3858 | D:4      | Learned a level 2 spell: Slow
  4094 | D:4      | Found Paumpyix's Food Emporium.
  4659 | D:4      | Found a staircase to the Ecumenical Temple.
  4667 | Temple   | Entered the Ecumenical Temple
  4690 | Temple   | Became a worshipper of Sif Muna the Loreminder
  5109 | D:5      | Entered Level 5 of the Dungeon
  5185 | D:5      | Reached skill level 1 in Hexes
  5185 | D:5      | Reached XP level 7. HP: 36/36 MP: 19/19
  5513 | D:5      | Reached skill level 7 in Spellcasting
  5916 | D:6      | Reached skill level 1 in Invocations
  5973 | D:6      | Reached * piety under Sif Muna
  6083 | D:6      | Reached skill level 1 in Evocations
  6215 | D:6      | Reached XP level 8. HP: 41/41 MP: 16/21
  6504 | D:6      | Reached skill level 5 in Stealth
  6559 | D:6      | Found Uwolaci's Weapon Emporium.
  6567 | D:6      | Bought 3 poisoned javelins for 52 gold pieces
  6627 | D:6      | Reached skill level 5 in Dodging
  6745 | D:6      | Noticed Dowan
  6748 | D:6      | Noticed Duvessa
  6768 | D:6      | Killed Duvessa
  6808 | D:6      | Reached skill level 8 in Spellcasting
  6845 | D:6      | Killed Dowan
  6845 | D:6      | Reached skill level 1 in Fighting
  7237 | D:7      | Found a flagged portal.
  7253 | D:7      | Learned a level 4 spell: Fulminant Prism
  7258 | D:7      | Learned a level 4 spell: Iskenderun's Mystic Blast
  7259 | Bailey   | Entered a bailey
  7687 | Bailey   | Reached XP level 9. HP: 47/47 MP: 22/23
  7749 | Bailey   | Reached ** piety under Sif Muna
  7847 | Bailey   | Noticed an orc knight
  7888 | Bailey   | Noticed an orc knight
  7895 | Bailey   | Noticed an orc warlord
  8121 | D:7      | Found Pexkuen's Jewellery Shop.
  8330 | D:7      | Found Koenk's Armour Shoppe.
  8497 | D:7      | Found Noolafod's Distillery.
  8501 | D:7      | Bought a potion of brilliance for 60 gold pieces
  8501 | D:7      | Bought a potion of mutation for 37 gold pieces
  8501 | D:7      | Bought a potion of brilliance for 60 gold pieces
  8578 | D:7      | Reached skill level 5 in Conjurations
  9500 | D:8      | Reached skill level 9 in Spellcasting
  9964 | D:8      | Reached *** piety under Sif Muna
  9964 | D:8      | Reached skill level 5 in Hexes
 10206 | D:8      | Reached XP level 10. HP: 54/54 MP: 25/25
 10233 | D:8      | Learned a level 5 spell: Venom Bolt
 10317 | D:8      | Found a staircase to the Lair.
 10964 | D:8      | Reached skill level 10 in Spellcasting
 11810 | D:9      | Noticed Nydiazath's ghost (novice SpEn)
 11819 | D:9      | Noticed a deep elf mage
 11859 | D:9      | Reached **** piety under Sif Muna
 11859 | D:9      | Reached skill level 5 in Invocations
 12461 | D:9      | Got a brightly glowing cloak
 12472 | D:9      | Identified the cursed +0 cloak of the Morning {rN+ Int-2 Dex+3} (You found it on level 9 of the Dungeon)
 12630 | D:9      | Killed a deep elf mage
 12808 | D:9      | Killed Nydiazath's ghost
 12808 | D:9      | Reached XP level 11. HP: 60/60 MP: 27/27
 13079 | D:10     | Entered Level 10 of the Dungeon
 13490 | D:10     | Reached skill level 11 in Spellcasting
 13599 | D:10     | Reached skill level 5 in Evocations
 13733 | D:10     | Reached ***** piety under Sif Muna
 13733 | D:10     | Reached skill level 5 in Poison Magic
 13742 | D:10     | Identified Sif Muna's Handbook of Changing (Sif Muna gifted it to you on level 10 of the Dungeon)
 13742 | D:10     | Received a gift from Sif Muna
 13933 | D:10     | Learned a level 5 spell: Irradiate
 13940 | D:10     | Learned a level 5 spell: Bolt of Magma
 13958 | D:10     | Found Kodoin's Food Emporium.
 14399 | D:10     | Reached skill level 1 in Earth Magic
 14502 | D:10     | Noticed Fannar
 14544 | D:10     | Killed Fannar
 14544 | D:10     | Reached skill level 1 in Transmutations
 14544 | D:10     | Reached skill level 1 in Fire Magic
 14928 | Lair:1   | Entered Level 1 of the Lair of Beasts
 14935 | Lair:1   | HP: 3/60 [komodo dragon (22)]
 16076 | Lair:1   | Learned a level 3 spell: Ignite Poison
 16105 | Lair:1   | Noticed a catoblepas
 16118 | Lair:1   | Killed a catoblepas
 16260 | Lair:1   | Reached XP level 12. HP: 48/66 MP: 2/29
 17360 | Lair:2   | Noticed Gastronok
 17373 | Lair:2   | Killed Gastronok
 17560 | Lair:2   | Identified the Grimoire of Floating Talismans
 17566 | Lair:2   | Learned a level 3 spell: Ozocubu's Armour
 17735 | Lair:2   | Noticed Urug
 17750 | Lair:2   | Killed Urug
 18549 | Lair:2   | Found a staircase to the Swamp.
 18816 | Lair:1   | Learned a level 4 spell: Summon Lightning Spire
 18898 | Lair:3   | Reached skill level 5 in Earth Magic
 19297 | Lair:1   | Learned a level 4 spell: Summon Ice Beast
 19445 | Lair:3   | Reached skill level 12 in Spellcasting
 19456 | Lair:3   | Reached skill level 1 in Ice Magic
 20254 | Lair:4   | Found a dark tunnel.
 20256 | Lair:4   | Reached XP level 13. HP: 72/72 MP: 29/31
 20317 | Volcano  | Entered a volcano
 20330 | Volcano  | Noticed TheWoodenMan's ghost (journeyman HESk)
 20335 | Volcano  | Killed TheWoodenMan's ghost
 20337 | Volcano  | Noticed TheWoodenMan's ghost (journeyman HOFi)
 20356 | Volcano  | Killed TheWoodenMan's ghost
 20359 | Volcano  | Reached skill level 5 in Fighting
 20814 | Lair:4   | Noticed Josephine
 21272 | Lair:4   | Killed Josephine
 21408 | Lair:4   | Got a shimmering great mace
 21608 | Lair:4   | Reached skill level 5 in Transmutations
 21703 | Lair:4   | Found a staircase to the Snake Pit.
 21960 | Lair:4   | Noticed Snorg
 21976 | Lair:4   | Killed Snorg
 22756 | Lair:4   | Identified Ceimestri's Volume of Dark Aid (Sif Muna gifted it to you on level 4 of the Lair of Beasts)
 22756 | Lair:4   | Received a gift from Sif Muna
 23101 | Lair:5   | Reached XP level 14. HP: 78/78 MP: 32/32
 23314 | Lair:1   | Learned a level 6 spell: Freezing Cloud
 23322 | Lair:1   | Learned a level 6 spell: Bolt of Cold
 23331 | Lair:1   | Learned a level 6 spell: Iron Shot
 23369 | Lair:1   | Learned a level 3 spell: Regeneration
 23867 | Lair:5   | Noticed Kirke
 23883 | Lair:5   | Killed Kirke
 24448 | Lair:6   | Entered Level 6 of the Lair of Beasts
 24450 | Lair:6   | Reached skill level 10 in Dodging
 24965 | Lair:1   | Identified the cursed +1 great mace "Hymna" {flame, SInv} (You found it on level 4 of the Lair of Beasts)
 25247 | Lair:6   | Reached skill level 1 in Necromancy
 25675 | Lair:6   | Reached XP level 15. HP: 67/84 MP: 23/33
 25678 | Lair:6   | Reached skill level 13 in Spellcasting
 26684 | Lair:6   | Found a viscous altar of Jiyva.
 26685 | Lair:6   | Found a staircase to the Slime Pits.
 27007 | Lair:1   | Learned a level 5 spell: Metabolic Englaciation
 27851 | D:11     | Noticed Maurice
 27854 | D:11     | Noticed Grum
 27875 | D:11     | Killed Maurice
 27878 | D:11     | Killed Grum
 28354 | D:12     | Found a labyrinth entrance.
 28373 | Lab      | Entered a labyrinth
 28917 | Lab      | Identified the Grimoire of Augmentations
 28932 | Lab      | Got a spiked buckler
 28948 | D:12     | Identified the +0 buckler of Tufrez {*Slow MR++ Str+5 Stlth+} (You found it in a labyrinth)
 29161 | D:12     | Noticed Rupert
 29181 | D:12     | Killed Rupert
 29181 | D:12     | Reached skill level 10 in Conjurations
 29824 | D:12     | Found Waurph's Jewellery Boutique.
 29836 | D:12     | Bought an uncursed ring of see invisible for 255 gold pieces
 29878 | D:12     | Found a staircase to the Orcish Mines.
 29881 | D:12     | Identified Sif Muna's Volume of Displacement and Combat Magic (Sif Muna gifted it to you on level 12 of the Dungeon)
 29881 | D:12     | Received a gift from Sif Muna
 30514 | Orc:1    | Entered Level 1 of the Orcish Mines
 30960 | Orc:2    | Entered Level 2 of the Orcish Mines
 30960 | Orc:2    | Found a staircase to the Elven Halls.
 30964 | Orc:2    | Reached skill level 1 in Shields
 30984 | Orc:2    | Found a flickering gateway to a bazaar.
 30990 | Bazaar   | Entered a bazaar
 31004 | Bazaar   | Found Cahuk's Distillery.
 31004 | Bazaar   | Found Afuzaf's Assorted Antiques.
 31017 | Bazaar   | Found Zepaipt's Book Shoppe.
 31017 | Bazaar   | Found Zeurghiext's Jewellery Emporium.
 31030 | Bazaar   | Found Jaap Muwam's Armour Shoppe.
 31030 | Bazaar   | Found Butor's Jewellery Emporium.
 31131 | Bazaar   | Bought a +5 ring of intelligence for 453 gold pieces
 31162 | Bazaar   | Bought a scroll labeled OSYNIO KIORUJY for 24 gold pieces
 31162 | Bazaar   | Bought a potion of resistance for 240 gold pieces
 31162 | Bazaar   | Bought a scroll of fog for 48 gold pieces
 31593 | Orc:2    | Shot with a bolt by an orc warrior

Skill      XL: |  1  2  3  4  5  6  7  8  9 10 11 12 13 14 15 |
---------------+----------------------------------------------+-----
Conjurations   | 2 3 4 6 8 9 10 | 10.1
Dodging        | 3 4 5 6 7 8 9 10 | 10.7
Spellcasting   | 5 6 7 8 9 10 11 12 13 | 13.6
Air Magic      | 1 2 3 4 |  4.8
Stealth        | 3 4 5 6 7 8 9 |  9.0
Poison Magic   | 1 2 3 4 5 |  5.0
Hexes          | 1 2 3 5 6 |  6.9
Invocations    | 1 2 4 5 6 7 8 |  8.8
Evocations     | 1 2 3 4 5 6 7 8 |  8.6
Summonings     | 2 |  2.7
Translocations | 2 |  2.8
Fighting       | 1 2 3 4 5 6 |  6.3
Earth Magic    | 3 5 6 7 |  7.9
Transmutations | 2 4 5 |  5.3
Fire Magic     | 2 4 |  4.5
Ice Magic      | 2 8 9 |  9.6
Necromancy     | 2 4 |  4.1
Shields        | 1 |  1.0
Charms         | |  0.8

Action                   |  1- 3 |  4- 6 |  7- 9 | 10-12 | 13-15 || total
-------------------------+-------+-------+-------+-------+-------++-------
Melee: Unarmed           |     6 |       |       |       |       ||     6
       Dagger            |       |     4 |     7 |       |       ||    11
       Halberd           |       |       |    75 |    78 |       ||   153
       Staff             |       |       |       |       |    14 ||    14
       Great mace        |       |       |       |       |    19 ||    19
 Fire: Hunting sling     |       |       |    40 |       |       ||    40
Throw: Javelin           |       |       |       |       |     2 ||     2
 Cast: Magic Dart        |    74 |   153 |   371 |   177 |     7 ||   782
       Repel Missiles    |     2 |       |       |       |     2 ||     4
       Mephitic Cloud    |       |     5 |    20 |    20 |    15 ||    60
       Call Imp          |       |     2 |    16 |     7 |       ||    25
       Conjure Flame     |       |       |    18 |     9 |       ||    27
       Iskenderun's Myst |       |       |     6 |   184 |       ||   190
       Fulminant Prism   |       |       |     3 |    20 |     6 ||    29
       Blink             |       |       |     3 |     2 |     2 ||     7
       Venom Bolt        |       |       |       |    24 |       ||    24
       Bolt of Magma     |       |       |       |    56 |    92 ||   148
       Irradiate         |       |       |       |     9 |     6 ||    15
       Ignite Poison     |       |       |       |     5 |     5 ||    10
       Ozocubu's Armour  |       |       |       |     1 |     6 ||     7
       Summon Ice Beast  |       |       |       |       |     2 ||     2
       Bolt of Cold      |       |       |       |       |   167 ||   167
       Freezing Cloud    |       |       |       |       |    39 ||    39
       Slow              |       |       |       |       |     4 ||     4
       Iron Shot         |       |       |       |       |    17 ||    17
       Regeneration      |       |       |       |       |     4 ||     4
Invok: Divine Energy     |       |       |       |     9 |     3 ||    12
       Stop Divine Energ |       |       |       |     9 |     3 ||    12
       Forget Spell      |       |       |       |     2 |     4 ||     6
       Channel Magic     |       |       |       |     1 |     2 ||     3
Evoke: Wand              |       |       |     3 |       |     1 ||     4
       Phial of floods   |       |       |       |       |     1 ||     1
  Use: Potion            |       |     6 |     2 |     1 |     4 ||    13
       Scroll            |       |     6 |     8 |    13 |    16 ||    43
 Stab: Sleeping          |       |       |     5 |       |       ||     5
       Confused          |       |       |     3 |     1 |       ||     4
       Distracted        |       |       |     1 |     1 |       ||     2
  Eat: Chunk             |     2 |    11 |    10 |    34 |    31 ||    88
       Meat ration       |       |       |     1 |       |       ||     1
       Bread ration      |       |       |       |     1 |     7 ||     8
       Fruit             |       |       |       |       |     3 ||     3
       Pizza             |       |       |       |       |     1 ||     1
Armor: Robe              |     2 |     5 |    16 |    27 |    30 ||    80
Dodge: Dodged            |     9 |    21 |   118 |   120 |   118 ||   386
       Deflected         |     1 |     1 |       |       |     7 ||     9
Block: Buckler           |       |       |       |       |     8 ||     8
